[Event "November 21 Late 2023"]
[Site "https://www.chess.com"]
[Date "2023.11.21"]
[Round "3"]
[White "Wadsworth, Matthew J"]
[Black "Arnold, Ken"]
[Result "1-0"]
[Board "84"]
[TimeControl "180+1"]
[WhiteFideId "415804"]
[BlackFideId "2056836"]
[WhiteElo "2266"]
[BlackElo "2431"]
[WhiteTeam "ENG"]
[BlackTeam "USA"]
[WhiteClock "0:00:35"]
[BlackClock "0:00:00"]

1. e4 Nf6 2. e5 Nd5 3. d4 d6 4. Nf3 Nb6 5. Be2 Nc6 6. exd6 exd6 7. O-O Be7 8. d5 Ne5 9. Nxe5 dxe5 10. a4 a5 11. Nc3 O-O 12. Be3 Nd7 13. Nb5 Bc5 14. Qd2 b6 15. Rfd1 Bb7 16. d6 c6 17. Nc7 Rc8 18. Bg4 Bxe3 19. Qxe3 f5 20. Ne6 Qf6 21. Nxf8 Rxf8 22. Be2 Rd8 23. f4 e4 24. Bc4+ Kf8 25. Qd4 Qxd4+ 26. Rxd4 Nf6 27. Rad1 Nd5 28. Bxd5 cxd5 29. c4 Ke8 30. cxd5 Rc8 31. Kf2 Kd7 32. h3 Kxd6 33. g4 g6 34. Ke3 Ba6 35. gxf5 gxf5 36. Rg1 Rc2 37. Rd2 Rc4 38. Rg7 Rxa4 39. Rxh7 Rb4 40. Rh6+ Kd7 41. d6 Bd3 42. h4 Rc4 43. h5 Rc1 44. Rf6 Re1+ 45. Kd4 Bb1 46. h6 e3 47. Rh2 e2 48. Ke3 Rf1 49. Kxe2 Rxf4 50. h7 Re4+ 51. Kd2 Rd4+ 52. Kc3 1-0

[Event "November 21 Late 2023"]
[Site "https://www.chess.com"]
[Date "2023.11.21"]
[Round "3"]
[White "Martins, Vinicius Tine"]
[Black "Skatchkov, Valery"]
[Result "0-1"]
[Board "85"]
[TimeControl "180+1"]
[WhiteFideId "2112884"]
[BlackFideId "24195812"]
[WhiteElo "2373"]
[BlackElo "2320"]
[WhiteTeam "BRA"]
[BlackTeam "RUS"]
[WhiteClock "0:00:29"]
[BlackClock "0:02:07"]

1. d4 Nf6 2. Bf4 d5 3. Nf3 c5 4. e3 Nc6 5. c3 e6 6. Nbd2 Nh5 7. Bg3 Nxg3 8. hxg3 Bd6 9. Bb5 Bd7 10. Qc2 f5 11. g4 fxg4 12. Rxh7 Rxh7 13. Qxh7 gxf3 14. Qg6+ Kf8 15. Nxf3 Qf6 16. Qh7 Qh6 17. Qc2 Nb4 18. cxb4 Bxb5 19. bxc5 Qh1+ 20. Kd2 Qxg2 0-1

[Event "November 21 Late 2023"]
[Site "https://www.chess.com"]
[Date "2023.11.21"]
[Round "3"]
[White "Bochnicka, Vladimir"]
[Black "Zarnicki, Pablo"]
[Result "0-1"]
[Board "86"]
[TimeControl "180+1"]
[WhiteFideId "14943450"]
[BlackFideId "100137"]
[WhiteElo "2170"]
[BlackElo "2468"]
[WhiteTeam "SVK"]
[BlackTeam "ARG"]
[WhiteClock "0:00:03"]
[BlackClock "0:00:23"]

1. e4 e5 2. Nf3 Nf6 3. Nxe5 d6 4. Nf3 Nxe4 5. Qe2 Qe7 6. d3 Nf6 7. Bg5 Nbd7 8. Nc3 c6 9. O-O-O Qxe2 10. Bxe2 h6 11. Bd2 Be7 12. Rdg1 Nb6 13. h3 Be6 14. Nd4 Bd7 15. g4 Nfd5 16. f4 Bf6 17. Nf3 Nxc3 18. bxc3 Nd5 19. d4 g6 20. c4 Nb6 21. Bd3 Be6 22. Re1 O-O-O 23. Bxg6 Bxc4 24. Bf5+ Kb8 25. Kb1 Bd5 26. Rhf1 Bxf3 27. Rxf3 Bxd4 28. Re7 Rhf8 29. g5 Nd5 30. Re4 Bg7 31. c4 Nc7 32. Bc3 Bxc3 33. Rxc3 d5 34. Re7 hxg5 35. fxg5 Rde8 36. Rce3 Rxe7 37. Rxe7 dxc4 38. h4 Nd5 39. Rd7 Rh8 40. Rxf7 Rxh4 41. g6 Rh1+ 42. Kb2 Rg1 43. g7 c3+ 44. Kc2 Ne3+ 45. Kxc3 Nxf5 46. Rf8+ Kc7 47. g8=Q Rxg8 48. Rxg8 Nd6 49. Rg7+ Kb6 50. Rg6 Nb5+ 51. Kb2 a5 52. Rg7 Nc7 53. Kb3 Nd5 54. Rg4 Kc5 55. Rg5 b5 56. Rg8 a4+ 57. Kb2 Nb6 58. Rg5+ Kb4 59. a3+ Ka5 60. Kc3 Nc4 61. Rg6 Kb6 62. Kb4 Ne5 63. Re6 Nd3+ 64. Kc3 Nc5 65. Rd6 Na6 66. Rh6 Nc7 67. Kb4 Nd5# 0-1

[Event "November 21 Late 2023"]
[Site "https://www.chess.com"]
[Date "2023.11.21"]
[Round "3"]
[White "Marcziter, Dmitrii"]
[Black "Sturt, Raven"]
[Result "0-1"]
[Board "87"]
[TimeControl "180+1"]
[WhiteFideId "13900765"]
[BlackFideId "2007304"]
[WhiteElo "2142"]
[BlackElo "2408"]
[WhiteTeam "GER"]
[BlackTeam "USA"]
[WhiteClock "0:00:13"]
[BlackClock "0:00:56"]

1. e4 e5 2. Nf3 Nc6 3. Bc4 Nf6 4. Ng5 d5 5. exd5 Na5 6. Bb5+ c6 7. dxc6 bxc6 8. Bd3 h6 9. Ne4 Nd5 10. Ng3 Nf4 11. O-O Nxd3 12. cxd3 Be7 13. Re1 O-O 14. Nc3 c5 15. b3 Nc6 16. Bb2 Ba6 17. Rc1 Nb4 18. Rb1 Nxd3 19. Re3 Bg5 20. Re2 f5 21. Ba1 e4 22. Na4 Qe8 23. f3 exf3 24. Rxe8 f2+ 25. Kh1 Raxe8 26. Nf1 Re1 27. Qc2 Nb4 28. Qb2 Bf6 29. d4 Bxd4 30. Qd2 Rxb1 31. Bxd4 Rxf1# 0-1

[Event "November 21 Late 2023"]
[Site "https://www.chess.com"]
[Date "2023.11.21"]
[Round "3"]
[White "Figorito, Nick"]
[Black "Milchev, Nikolay"]
[Result "0-1"]
[Board "88"]
[TimeControl "180+1"]
[WhiteFideId "30923689"]
[BlackFideId "2906090"]
[WhiteElo "2390"]
[BlackElo "2449"]
[WhiteTeam "USA"]
[BlackTeam "ENG"]
[WhiteClock "0:00:00"]
[BlackClock "0:00:43"]

1. Nf3 Nf6 2. g3 g6 3. Bg2 Bg7 4. O-O O-O 5. c4 d6 6. Nc3 Nc6 7. d3 a6 8. Rb1 Rb8 9. b4 b5 10. cxb5 axb5 11. Bf4 Bd7 12. Qd2 Re8 13. Bh6 Bh8 14. Rfc1 Qc8 15. Ng5 Qa6 16. Nd5 Nxd5 17. Bxd5 e6 18. Qf4 Re7 19. Ne4 f5 20. Bxc6 Bxc6 21. Qh4 Rf7 22. Ng5 Bf6 23. Qf4 Re7 24. Qd2 Bd5 25. Rc2 Ra8 26. e4 Bxa2 27. Rbc1 Ra7 28. Nf3 Bb3 29. Bg5 Bxg5 30. Qxg5 Rf7 31. Rc3 fxe4 32. Nd2 Bd5 33. dxe4 Bc4 34. e5 d5 35. h4 Qa2 36. Rf3 c6 37. Rxf7 Rxf7 38. h5 Qa8 39. h6 Qe8 0-1

[Event "November 21 Late 2023"]
[Site "https://www.chess.com"]
[Date "2023.11.21"]
[Round "3"]
[White "Lymar, Vladislav"]
[Black "Su, Dion"]
[Result "0-1"]
[Board "89"]
[TimeControl "180+1"]
[WhiteFideId "14162180"]
[BlackFideId "2029731"]
[WhiteElo "2234"]
[BlackElo "2397"]
[WhiteTeam "UKR"]
[BlackTeam "USA"]
[WhiteClock "0:00:45"]
[BlackClock "0:00:20"]

1. e4 e6 2. Qe2 c5 3. Nf3 Nc6 4. g3 d6 5. Bg2 g6 6. O-O Bg7 7. c3 e5 8. d3 Nge7 9. Bd2 O-O 10. Na3 h6 11. Nc4 f5 12. Ne3 f4 13. Nd5 g5 14. Ne1 Ng6 15. Qh5 Kh7 16. Bh3 Bxh3 17. Qxh3 Nge7 18. b4 cxb4 19. cxb4 Nd4 20. Rc1 Ne2+ 21. Kh1 Nxc1 22. Bxc1 Nxd5 23. exd5 Qc8 24. Qxc8 Raxc8 25. Bb2 e4 26. Bxg7 Kxg7 27. dxe4 Rc1 28. f3 Rfc8 29. gxf4 gxf4 30. Kg2 Kf6 31. Kh3 Rb1 32. a3 Rcc1 33. Rg1 Rxe1 34. Rg4 Ke5 35. Rg6 Re3 36. Re6+ Kd4 37. Kg4 Rf1 38. Rxd6 Rfxf3 39. Re6 Rf1 40. d6 Rd1 41. d7 Kc3 42. Kxf4 Red3 43. Rxh6 Rxd7 44. h4 Kb3 45. e5 Kxa3 46. b5 Kb4 47. Rh5 Rd8 48. e6 Re1 49. Re5 Rxe5 50. Kxe5 Kxb5 51. e7 Rh8 52. Kf6 a5 53. Kg7 Ra8 54. h5 a4 0-1

[Event "November 21 Late 2023"]
[Site "https://www.chess.com"]
[Date "2023.11.21"]
[Round "3"]
[White "TheAlienParty"]
[Black "Bettalli, Francesco"]
[Result "1/2-1/2"]
[Board "90"]
[TimeControl "180+1"]
[BlackFideId "2816453"]
[WhiteElo "2386"]
[BlackElo "2226"]
[BlackTeam "ITA"]
[WhiteClock "0:00:18"]
[BlackClock "0:00:22"]

1. Nf3 g6 2. d4 Bg7 3. g3 c5 4. dxc5 Qa5+ 5. Bd2 Qxc5 6. Bc3 Nf6 7. Bg2 a6 8. O-O O-O 9. a4 Qc7 10. Nbd2 Nc6 11. a5 d5 12. Nb3 e5 13. Bd2 Bf5 14. c3 Rad8 15. Qc1 Rfe8 16. Bh6 Bh8 17. h3 d4 18. cxd4 exd4 19. Re1 Qd6 20. Qc5 Ne4 21. Qxd6 Rxd6 22. Bf4 Rdd8 23. Rac1 Bg7 24. g4 Be6 25. Nc5 Nxc5 26. Rxc5 Bf8 27. Rcc1 Bb4 28. Red1 Bxa5 29. Ng5 Bb3 30. Rd3 Bd5 31. e4 dxe3 32. Bxd5 e2 33. Bxf7+ Kg7 34. Rxd8 Rxd8 35. Bb3 e1=Q+ 36. Rxe1 Bxe1 37. Ne6+ Kf6 38. Nxd8 Nxd8 39. Kf1 Bb4 40. Bd5 b5 41. Ke2 Ne6 42. Be3 Ke5 43. Bb7 a5 44. Bc6 Nf4+ 45. Bxf4+ Kxf4 46. Bxb5 h5 47. gxh5 1/2-1/2

[Event "November 21 Late 2023"]
[Site "https://www.chess.com"]
[Date "2023.11.21"]
[Round "3"]
[White "Erdogan, Anil Berk"]
[Black "i_like_explosions"]
[Result "1-0"]
[Board "91"]
[TimeControl "180+1"]
[WhiteFideId "6348173"]
[WhiteElo "2007"]
[BlackElo "2386"]
[WhiteTeam "TUR"]
[WhiteClock "0:00:08"]
[BlackClock "0:00:05"]

1. e3 e6 2. e4 d5 3. exd5 exd5 4. d4 Nf6 5. Bg5 Be7 6. Nc3 c6 7. Bd3 h6 8. Bh4 Nbd7 9. Nge2 O-O 10. Qd2 Re8 11. O-O-O b5 12. Rde1 a5 13. f3 a4 14. g4 Nb6 15. Ng3 b4 16. Nd1 b3 17. a3 bxc2 18. Nc3 Ba6 19. Nf5 Bxd3 20. Qxd3 Nc4 21. Nxe7+ Rxe7 22. Rxe7 Qxe7 23. Re1 Qb7 24. Qxc2 Nd7 25. g5 hxg5 26. Bxg5 Nf8 27. Re7 Qc8 28. Nxa4 Qh3 29. Re1 Qxf3 30. Nc3 Ne6 31. h4 Nxd4 32. Qd1 Qxd1+ 33. Rxd1 Ne6 34. Kc2 Rb8 35. Bc1 d4 36. Ne4 f5 37. Ng5 Nxg5 38. hxg5 c5 39. b3 Nd6 40. a4 Ne4 41. Bf4 Ra8 42. Ra1 Ra6 43. Kd3 Nc3 44. Kc4 Ne2 45. Bd2 Kf7 46. a5 f4 47. Kb5 Ra8 48. a6 Ke6 49. Kb6 Kd5 50. Kb7 Re8 51. a7 f3 52. Be1 d3 53. a8=Q Rxa8 54. Rxa8 c4 55. bxc4+ Kxc4 56. Rf8 Nd4 57. g6 Kb3 58. Rd8 Kc4 59. Bf2 Ne6 60. Rd6 Nf4 61. Rd4+ Kc3 62. Rxf4 d2 63. Rd4 Kc2 64. Be3 d1=Q 65. Rxd1 Kxd1 66. Kc6 Ke2 67. Bb6 f2 68. Bxf2 Kxf2 69. Kd6 Kf3 70. Ke6 Kf4 71. Kf7 Kf5 72. Kxg7 1-0

[Event "November 21 Late 2023"]
[Site "https://www.chess.com"]
[Date "2023.11.21"]
[Round "3"]
[White "Leiva, Gianmarco"]
[Black "PapaieDudu"]
[Result "1-0"]
[Board "92"]
[TimeControl "180+1"]
[WhiteFideId "3804399"]
[WhiteElo "2335"]
[BlackElo "2373"]
[WhiteTeam "PER"]
[WhiteClock "0:00:44"]
[BlackClock "0:00:04"]

1. b3 d5 2. Bb2 e6 3. e3 Nf6 4. Nf3 Bd6 5. c4 O-O 6. Nc3 b6 7. Rc1 Bb7 8. cxd5 exd5 9. Nb5 Nc6 10. Nxd6 Qxd6 11. Be2 Rfe8 12. O-O Rad8 13. Qc2 Rd7 14. Qf5 Ne7 15. Qg5 h6 16. Qg3 Qxg3 17. hxg3 Ne4 18. d3 Nc5 19. d4 Ba6 20. Bxa6 Nxa6 21. Ne5 Rd6 22. Ba3 c5 23. dxc5 bxc5 24. Bxc5 Re6 25. Nf3 Ng6 26. Bxa7 Nb4 27. a4 Ra8 28. Bd4 Ne7 29. Bc5 Nd3 30. Rc3 Nxc5 31. Rxc5 Rb6 32. Nd4 Kf8 33. Rfc1 Ke8 34. Nb5 Kd7 35. Rc7+ Ke6 36. Nd4+ Kf6 37. Rd7 Rf8 38. Rcc7 Ng6 39. Rxd5 Ne5 40. Rb5 Rd6 41. Kf1 Re8 42. a5 Ng4 43. Rf5+ Kg6 44. Rfxf7 Nh2+ 45. Kg1 Ng4 46. Rxg7+ Kh5 47. Rc5+ Re5 48. Rxe5+ Nxe5 49. b4 Ng4 50. f3 Nxe3 51. Ne2 Rd1+ 52. Kf2 Nf1 53. Nf4# 1-0

[Event "November 21 Late 2023"]
[Site "https://www.chess.com"]
[Date "2023.11.21"]
[Round "3"]
[White "Guerra Tulcan, Lenin"]
[Black "Bugayev, Vladimir"]
[Result "1/2-1/2"]
[Board "93"]
[TimeControl "180+1"]
[WhiteFideId "3601382"]
[BlackFideId "30901480"]
[WhiteElo "2368"]
[BlackElo "2368"]
[WhiteTeam "ECU"]
[BlackTeam "USA"]
[WhiteClock "0:00:50"]
[BlackClock "0:00:56"]

1. e4 c6 2. Nf3 d5 3. exd5 cxd5 4. Ne5 Nc6 5. Bb5 Bd7 6. Bxc6 Bxc6 7. O-O e6 8. b3 Bd6 9. Bb2 Nf6 10. d3 O-O 11. Nd2 Be8 12. Ndf3 Nd7 13. Re1 f6 14. Ng4 Bf7 15. Nd4 Ne5 16. Nxe5 Bxe5 17. Nxe6 Bxe6 18. d4 Bxh2+ 19. Kxh2 Bf5 20. c3 Qd6+ 21. Kg1 Rfe8 22. a4 Qf4 23. Bc1 Qh4 24. Be3 Be4 25. f3 Bg6 26. Qd2 Qh5 27. Bf2 Qf5 28. Rxe8+ Rxe8 29. Re1 Rxe1+ 30. Qxe1 Qb1 31. Qxb1 Bxb1 32. b4 Bc2 33. a5 a6 34. g4 Kf7 35. Bg3 Ke6 36. Kf2 Bd1 37. Ke3 g6 38. Be1 h5 39. gxh5 gxh5 40. Kf4 Bc2 41. Bh4 Bg6 42. Bg3 Bd3 43. Bh4 Bg6 44. Bg3 Bd3 45. Bh4 Bg6 1/2-1/2

[Event "November 21 Late 2023"]
[Site "https://www.chess.com"]
[Date "2023.11.21"]
[Round "3"]
[White "Garrido, Denis"]
[Black "Manukyan, Sargis A."]
[Result "0-1"]
[Board "94"]
[TimeControl "180+1"]
[WhiteFideId "601217"]
[BlackFideId "13303970"]
[WhiteElo "2365"]
[BlackElo "2204"]
[WhiteTeam "FRA"]
[BlackTeam "ARM"]
[WhiteClock "0:00:15"]
[BlackClock "0:00:44"]

1. e4 c5 2. Nf3 d6 3. d4 cxd4 4. Nxd4 Nf6 5. Nc3 g6 6. Be3 Bg7 7. f3 O-O 8. Qd2 Nc6 9. O-O-O d5 10. exd5 Nxd5 11. Nxc6 bxc6 12. Bd4 e5 13. Bc5 Be6 14. Ne4 Re8 15. h4 h6 16. h5 g5 17. g4 Qc7 18. Bc4 Red8 19. Qf2 Nf4 20. Bxe6 Nxe6 21. Kb1 Rd5 22. Rd2 Rad8 23. Rhd1 Nd4 24. c3 Ne6 25. Be3 R8d7 26. Ng3 Qd8 27. Nf5 Bf8 28. Kc1 Nf4 29. Bxf4 exf4 30. Rxd5 Rxd5 31. Rxd5 Qxd5 32. b3 Qd3 33. Qd2 Ba3+ 34. Kd1 Qf1+ 35. Kc2 Kh7 36. b4 Qc4 37. Kb1 Qf1+ 38. Kc2 Qc4 39. Kb1 a5 40. Nd4 axb4 41. Nc2 bxc3 0-1

[Event "November 21 Late 2023"]
[Site "https://www.chess.com"]
[Date "2023.11.21"]
[Round "3"]
[White "Janaszak, Dawid"]
[Black "Szente Varga, Fruzsina"]
[Result "1-0"]
[Board "95"]
[TimeControl "180+1"]
[WhiteFideId "1119206"]
[BlackFideId "712264"]
[WhiteElo "2218"]
[BlackElo "1994"]
[WhiteTeam "POL"]
[BlackTeam "HUN"]
[WhiteClock "0:00:25"]
[BlackClock "0:00:05"]

1. e4 c5 2. Nc3 Nc6 3. Bb5 g6 4. Nf3 Bg7 5. O-O d6 6. e5 dxe5 7. Re1 Qc7 8. Qe2 Bg4 9. Bxc6+ bxc6 10. b3 f5 11. h3 Bxf3 12. Qxf3 e4 13. Qe2 Nf6 14. Qc4 Qd6 15. Ba3 Nd7 16. Rad1 Bd4 17. Ne2 Qd5 18. Qa6 O-O 19. d3 e3 20. f3 Ne5 21. Rf1 g5 22. c3 Rf7 23. cxd4 cxd4 24. Rc1 Ng6 25. Rc5 Qd7 26. Qxc6 Qxc6 27. Rxc6 Ne5 28. Rc2 Nxd3 29. Rd1 Nf2 30. Rxd4 e5 31. Rd5 Re8 32. Rcc5 e4 33. Rxf5 exf3 34. Rxf3 Rxf3 35. gxf3 Nxh3+ 36. Kf1 Nf4 37. Rxg5+ Kf7 38. Rf5+ Kg6 39. Rxf4 Rd8 40. Rd4 Rc8 41. Rc4 Rd8 42. Rd4 Rc8 43. Rd3 Rc2 44. Rxe3 Rxa2 45. Bc5 a5 46. Kf2 h5 47. Re5 h4 48. Re4 Kh5 49. Be7 Rb2 50. Rxh4+ Kg6 51. Ra4 Rxb3 52. Rxa5 Rb7 53. Bd6 Rb2 54. Be5 Rc2 55. f4 Kf5 56. Ke3 Kg4 57. Nd4 Rc1 58. Ke4 Re1+ 59. Kd5 Rd1 60. Ra8 Kh5 61. Rg8 Kh6 62. f5 Rf1 63. f6 Kh7 64. Rg7+ Kh8 65. Rg2 Kh7 66. Ke6 Kh6 67. Nf5+ Kh7 68. Rh2+ Kg6 69. Ne7+ Kg5 70. Rg2+ Kh6 71. f7 Kh7 72. Rh2# 1-0

[Event "November 21 Late 2023"]
[Site "https://www.chess.com"]
[Date "2023.11.21"]
[Round "3"]
[White "ArtemDyachuk"]
[Black "patzersame"]
[Result "1-0"]
[Board "96"]
[TimeControl "180+1"]
[WhiteElo "2572"]
[BlackElo "2344"]
[WhiteClock "0:00:10"]
[BlackClock "0:00:03"]

1. e4 e5 2. Nf3 Nf6 3. d4 Nxe4 4. Bd3 d5 5. Nxe5 Bd6 6. Nc3 Nxc3 7. bxc3 O-O 8. O-O Qh4 9. g3 Qh3 10. Re1 c5 11. Bf1 Qf5 12. Bd3 Qh3 13. Qf3 cxd4 14. cxd4 Nc6 15. c3 Bxe5 16. dxe5 Bg4 17. Qg2 Qh5 18. Bf4 Bf3 19. Qf1 Rfe8 20. Re3 Nxe5 21. Rae1 f6 22. Bb5 Re6 23. h4 a6 24. Ba4 b5 25. Bb3 Rae8 26. Bxe5 Rxe5 27. Qd3 Rxe3 28. Rxe3 Rxe3 29. Qxe3 Kf7 30. Qa7+ Kg6 31. Qe7 Qe5 32. Bc2+ Kh6 33. Qxe5 fxe5 34. Bf5 g5 35. hxg5+ Kxg5 36. Bxh7 a5 37. Kf1 b4 38. cxb4 axb4 39. Ke1 Kf6 40. Kd2 Ke6 41. Bc2 Kd6 42. Ke3 Bh5 43. Bf5 Kc5 44. g4 Bf7 45. Bh7 d4+ 46. Kd2 Bxa2 47. g5 b3 48. Bg8 Kb4 49. g6 Ka3 50. g7 b2 51. Bxa2 Kxa2 52. g8=Q+ Ka1 53. Qa8+ Kb1 54. Qe4+ d3 55. Qxd3+ Ka1 56. Qa3+ Kb1 57. Kc3 e4 58. Qxb2# 1-0

[Event "November 21 Late 2023"]
[Site "https://www.chess.com"]
[Date "2023.11.21"]
[Round "3"]
[White "Jarocka, Liwia"]
[Black "elmusmolamas"]
[Result "1/2-1/2"]
[Board "97"]
[TimeControl "180+1"]
[WhiteFideId "21807558"]
[WhiteElo "2001"]
[BlackElo "2567"]
[WhiteTeam "POL"]
[WhiteClock "0:00:17"]
[BlackClock "0:00:05"]

1. e4 e6 2. d4 d5 3. Bd3 Nc6 4. c3 e5 5. Nf3 exd4 6. O-O dxe4 7. Bxe4 Nf6 8. Bxc6+ bxc6 9. Nxd4 c5 10. Qf3 Qd5 11. Re1+ Be7 12. Nc6 Be6 13. Qxd5 Nxd5 14. Nxe7 Kxe7 15. Nd2 Rhe8 16. Ne4 c4 17. g3 Kd7 18. Be3 Kc6 19. Ng5 h6 20. Nxe6 Rxe6 21. Bd4 Rxe1+ 22. Rxe1 g6 23. Re2 a5 24. Kg2 a4 25. a3 Kd7 26. Bg7 h5 27. Bh6 Rb8 28. Bc1 Rb6 29. Re4 Rc6 30. h4 Nf6 31. Rd4+ Ke6 32. Bg5 Nh7 33. Re4+ Kf5 34. Re7 Nxg5 35. hxg5 Kxg5 36. Rxf7 Kh6 37. Rd7 g5 38. Kf3 Kg6 39. Rd5 Kf6 40. Ra5 Rb6 41. Rxa4 Rxb2 42. Rxc4 Rb7 43. Rc5 Ra7 44. Kg2 g4 45. a4 Rxa4 46. Rxc7 Ra2 47. Rc5 Kg6 48. Rc6+ Kg5 49. Rc8 Rc2 50. c4 Kg6 51. c5 Kf5 52. c6 Kg6 53. c7 Kg7 54. Kg1 Rc1+ 55. Kg2 Kh7 56. Kh2 Kg7 57. Kg2 Kh7 58. f3 Rc2+ 59. Kf1 gxf3 60. Kg1 Kg7 61. Kf1 Kh7 62. Kg1 Kg7 63. Kf1 f2 64. Rd8 Rxc7 65. Kxf2 Kg6 66. Kg2 Rc5 67. Rg8+ Kf5 68. Rf8+ Kg5 69. Rg8+ Kf5 70. Rf8+ Kg5 71. Rg8+ Kf5 1/2-1/2

[Event "November 21 Late 2023"]
[Site "https://www.chess.com"]
[Date "2023.11.21"]
[Round "3"]
[White "Maect19"]
[Black "Toropov, Pavel"]
[Result "1-0"]
[Board "98"]
[TimeControl "180+1"]
[BlackFideId "24129178"]
[WhiteElo "2338"]
[BlackElo "2182"]
[BlackTeam "RUS"]
[WhiteClock "0:00:15"]
[BlackClock "0:00:09"]

1. d4 d5 2. Nf3 Nf6 3. e3 Bf5 4. Bd3 Bg6 5. O-O e6 6. b3 Bd6 7. Bb2 O-O 8. c4 c6 9. Qe2 Qe7 10. Nbd2 Ne4 11. Bxe4 Bxe4 12. Nxe4 dxe4 13. Nd2 f5 14. f3 exf3 15. Rxf3 e5 16. d5 Nd7 17. Raf1 g6 18. e4 f4 19. Kh1 Rac8 20. Rd3 Nf6 21. Nf3 cxd5 22. cxd5 Rc7 23. Nd2 b5 24. Rc3 a6 25. Rfc1 Rfc8 26. Qd3 Ng4 27. Rxc7 Rxc7 28. Rxc7 Qxc7 29. Qc3 Nf2+ 30. Kg1 Qb6 31. Kf1 Nd1 32. Qc8+ Kg7 33. Qd7+ Kh6 34. Qh3+ Kg5 35. Nf3+ Kf6 36. Qe6+ Kg7 37. Bxe5+ Bxe5 38. Qxb6 Ne3+ 39. Ke2 1-0

[Event "November 21 Late 2023"]
[Site "https://www.chess.com"]
[Date "2023.11.21"]
[Round "3"]
[White "Biernacki, Mark"]
[Black "WindWhistler11"]
[Result "0-1"]
[Board "99"]
[TimeControl "180+1"]
[WhiteFideId "2082322"]
[WhiteElo "1965"]
[BlackElo "2563"]
[WhiteTeam "USA"]
[WhiteClock "0:00:00"]
[BlackClock "0:00:21"]

1. e4 e6 2. d4 d5 3. exd5 exd5 4. Nf3 Nc6 5. c4 Nf6 6. Nc3 Bb4 7. Bd3 Bg4 8. Be3 O-O 9. c5 b6 10. cxb6 axb6 11. h3 Bh5 12. O-O h6 13. Be2 Bg6 14. a3 Bxc3 15. bxc3 Ne4 16. Qb3 Na5 17. Qb2 f6 18. Rfc1 Nd6 19. Nd2 Bf7 20. Bf4 Re8 21. Bd3 Ne4 22. Bxe4 dxe4 23. c4 g5 24. Bh2 e3 25. fxe3 Rxe3 26. Kh1 Qe7 27. Bg1 Re2 28. Qc3 Re8 29. Rf1 Bg6 30. d5 Qe5 31. Qb4 Be4 32. Nxe4 Qxe4 33. Rf2 Rxf2 34. Bxf2 Qxc4 0-1

[Event "November 21 Late 2023"]
[Site "https://www.chess.com"]
[Date "2023.11.21"]
[Round "3"]
[White "Cooper, Aaron"]
[Black "Tikhonov, Viacheslav"]
[Result "0-1"]
[Board "100"]
[TimeControl "180+1"]
[WhiteFideId "2634945"]
[BlackFideId "44196407"]
[WhiteElo "2334"]
[BlackElo "2191"]
[WhiteTeam "CAN"]
[BlackTeam "RUS"]
[WhiteClock "0:00:16"]
[BlackClock "0:00:08"]

1. b4 Nf6 2. Bb2 g6 3. e3 Bg7 4. Nf3 O-O 5. c4 c6 6. d4 a5 7. b5 d5 8. Nc3 dxc4 9. Bxc4 cxb5 10. Bxb5 Bd7 11. O-O Bxb5 12. Nxb5 a4 13. Ba3 Nc6 14. Rb1 Nd5 15. Qd2 Qa5 16. Rfc1 Qxd2 17. Nxd2 Rfd8 18. g3 f5 19. Nc4 e5 20. dxe5 Nxe5 21. Nxe5 Bxe5 22. Rc4 Rdc8 23. Rbc1 Rxc4 24. Rxc4 Nb6 25. Rc5 Re8 26. Bb4 Bb8 27. Ba5 Nd7 28. Rd5 Nf6 29. Rd4 Re5 30. Rd8+ Kf7 31. Rxb8 Rxb5 32. Bc3 Nd7 33. Rh8 h5 34. Rh7+ Ke6 35. Rg7 Nf8 36. Bd4 Rb1+ 37. Kg2 b5 38. Rb7 Nd7 39. Bc3 Kd6 40. Bb4+ Kc6 41. Ra7 Rxb4 42. a3 Rb3 43. Ra8 Rxa3 44. Rg8 b4 45. Rxg6+ Kc5 46. Rg7 Nb6 47. Rc7+ Kb5 48. Rf7 b3 49. Rxf5+ Kb4 50. Rf4+ Nc4 51. e4 b2 52. e5 b1=Q 53. e6 Ra1 54. Kh3 Qf1+ 55. Kh4 Re1 56. Rf6 Re4+ 57. f4 Qe2 58. h3 Rxe6 59. Rxe6 Qxe6 60. g4 hxg4 61. hxg4 Ne3 62. f5 Nxf5+ 63. gxf5 Qxf5 64. Kg3 a3 65. Kh4 a2 66. Kg3 a1=Q 67. Kh4 Qe1# 0-1

[Event "November 21 Late 2023"]
[Site "https://www.chess.com"]
[Date "2023.11.21"]
[Round "3"]
[White "Zampronha, Wladimir Camilo"]
[Black "Sivakumar, Shaaketh"]
[Result "1-0"]
[Board "101"]
[TimeControl "180+1"]
[WhiteFideId "2103087"]
[BlackFideId "30940176"]
[WhiteElo "2055"]
[BlackElo "2292"]
[WhiteTeam "BRA"]
[BlackTeam "USA"]
[WhiteClock "0:00:42"]
[BlackClock "0:01:38"]

1. e4 a6 2. d4 b5 3. Bd3 Bb7 4. Nf3 g6 5. O-O Bg7 6. Re1 e6 7. a4 b4 8. c4 d6 9. Bg5 f6 10. Be3 Nd7 11. Nbd2 c5 12. d5 e5 13. a5 h6 14. Nf1 Ne7 15. Nh4 O-O 16. Qg4 Kh7 17. Ng3 Bc8 18. Qe2 Rf7 19. b3 Nf8 20. Qd2 f5 21. exf5 gxf5 22. f4 e4 23. Bc2 Bc3 24. Qe2 Nxd5 25. Bd2 Bd4+ 26. Kh1 Nc3 27. Qh5 Qf6 28. Bxc3 bxc3 29. Nxe4 Bb7 30. Nxf6+ Rxf6 31. Re7+ Kh8 32. Rxb7 Ne6 33. Rf1 Rg8 34. Bxf5 Ng7 35. Ng6+ Kh7 36. Ne7+ Kh8 37. Nxg8 Nxh5 38. Nxf6 Nxf6 39. Re1 Kg8 40. Ree7 1-0

[Event "November 21 Late 2023"]
[Site "https://www.chess.com"]
[Date "2023.11.21"]
[Round "3"]
[White "Ozates, Tuna"]
[Black "Luxama, Jacques Muller"]
[Result "1-0"]
[Board "102"]
[TimeControl "180+1"]
[WhiteFideId "6354521"]
[BlackFideId "11900113"]
[WhiteElo "2151"]
[BlackElo "1931"]
[WhiteTeam "TUR"]
[BlackTeam "HAI"]
[WhiteClock "0:01:57"]
[BlackClock "0:00:33"]

1. e4 e6 2. d4 d5 3. e5 c5 4. c3 Nc6 5. Nf3 Bd7 6. Be2 f6 7. O-O fxe5 8. Nxe5 Nxe5 9. dxe5 Qc7 10. Bf4 O-O-O 11. b4 cxb4 12. cxb4 Bxb4 13. Nd2 Kb8 14. Rb1 Bc5 15. Nb3 Bb6 16. Qd2 Bc6 17. Rfc1 Nh6 18. a4 a6 19. Nd4 Bxd4 20. Qxd4 Ka8 21. Be3 Qb8 22. Rxc6 Nf5 23. Rxa6+ bxa6 24. Rxb8+ Kxb8 25. Qa7+ Kc8 26. Bxa6# 1-0

[Event "November 21 Late 2023"]
[Site "https://www.chess.com"]
[Date "2023.11.21"]
[Round "3"]
[White "Silvestre, Christian"]
[Black "Pinheiro, Iung Alicio de O."]
[Result "0-1"]
[Board "103"]
[TimeControl "180+1"]
[WhiteFideId "30956269"]
[BlackFideId "2104350"]
[WhiteElo "2328"]
[BlackElo "2283"]
[WhiteTeam "USA"]
[BlackTeam "BRA"]
[WhiteClock "0:00:15"]
[BlackClock "0:00:34"]

1. Nf3 d5 2. c4 d4 3. b3 f6 4. Bb2 e5 5. d3 Nc6 6. a3 a5 7. g3 Bc5 8. Nbd2 f5 9. Bg2 Nf6 10. Qc2 O-O 11. O-O Qe8 12. Nh4 Qh5 13. Bf3 Qh6 14. Bd5+ Kh8 15. Bc1 g5 16. Ndf3 f4 17. Ng2 Bh3 18. Bxc6 bxc6 19. Nxe5 Rae8 20. gxf4 Rxe5 21. fxe5 Ng4 22. f3 Bxg2 23. fxg4 Bxf1 24. b4 Qh3 25. e4 dxe3 26. bxc5 e2 0-1

[Event "November 21 Late 2023"]
[Site "https://www.chess.com"]
[Date "2023.11.21"]
[Round "3"]
[White "Vemparala, Nikash"]
[Black "Jovic, Stanoje"]
[Result "0-1"]
[Board "104"]
[TimeControl "180+1"]
[WhiteFideId "30960967"]
[BlackFideId "905020"]
[WhiteElo "2069"]
[BlackElo "2249"]
[WhiteTeam "USA"]
[BlackTeam "SRB"]
[WhiteClock "0:00:00"]
[BlackClock "0:00:41"]

1. e4 c6 2. Nf3 d5 3. Nc3 Nf6 4. e5 Ne4 5. d4 Bg4 6. Bd3 Nxc3 7. bxc3 e6 8. h3 Bh5 9. Bd2 b5 10. Qe2 Nd7 11. a4 bxa4 12. Rxa4 a5 13. O-O Nb6 14. Ra2 a4 15. c4 dxc4 16. Be4 Qc7 17. Rb1 Be7 18. Rab2 a3 19. Ra2 O-O 20. Bb4 Bxb4 21. Rxb4 Nd5 22. Rxc4 Qb6 23. c3 Bxf3 24. gxf3 f5 25. exf6 Rxf6 26. Bxd5 cxd5 27. Rb4 Qd6 28. Rb3 Rg6+ 29. Kh1 Rh6 30. Qf1 Rf6 31. Qe2 Raf8 32. Rbxa3 Rxf3 33. Qf1 Qf4 34. Ra8 Qe4 35. Rxf8+ Rxf8+ 36. Kg1 h5 37. Re2 Qg6+ 38. Qg2 Qb1+ 39. Kh2 Rf6 40. Qg5 Rg6 41. Qxg6 Qxg6 42. Re3 h4 43. Re5 Qc2 44. Kg2 Qxc3 45. Rxe6 Qxd4 0-1